 Dungeon Crawl Stone Soup version 0.24-a0-366-gc1c896e988 (console) character file.

Game seed: 12490350094981912414

107 Lexodia the Ruffian (level 4, -1/44 HPs)
             Began as a Troll Fighter on May 28, 2019.
             Was an Initiate of Gozag.
             Slain by a gnoll (6 damage)
             ... on level 3 of the Dungeon.
             The game lasted 00:04:01 (1306 turns).

Lexodia the Ruffian (Troll Fighter)                 Turns: 1306, Time: 00:04:02

Health: -1/44      AC:  6    Str: 24    XL:     4   Next: 56%
Magic:  0/3        EV:  8    Int:  9    God:    Gozag
Gold:   133        SH:  9    Dex: 10    Spells: 3/3 levels left

rFire    + . .     SeeInvis .     - Unarmed
rCold    . . .     Gourm    +   b - +0 shield
rNeg     . . .     Faith    .   a - +0 robe
rPois    .         Spirit   +   (helmet restricted)
rElec    .         Reflect  .   m - scarf {Spirit}
rCorr    .         Harm     .   (gloves unavailable)
MR       .....                  (boots unavailable)
Stlth    +.........             (no amulet)
HPRegen  0.54/turn              f - ring of protection from fire
MPRegen  0.08/turn              (no ring)

@: brilliant, lethally poisoned (-1 -> -3)
A: large, unfitting armour, claws 3, fast metabolism 3, gourmand, regeneration
1, shaggy fur 1, tough skin 3
a: Potion Petition, Call Merchant, Bribe Branch, Renounce Religion


You were on level 3 of the Dungeon.
You worshipped Gozag.
Gozag was aware of your devotion.
You were full.

You visited 1 branch of the dungeon, and saw 3 of its levels.

You collected 133 gold pieces.

Inventory:

Armour
 a - a +0 robe (worn)
 b - a +0 shield (worn)
 m - a scarf of spirit shield (worn)
Jewellery
 f - a ring of protection from fire (left claw)
 l - an uncursed amulet of regeneration
Wands
 p - a wand of enslavement (12)
Scrolls
 e - a scroll of identify {unknown}
 h - a scroll of fog {unknown}
 j - 2 scrolls of magic mapping {unknown}
 n - a scroll of enchant armour {unknown}
 o - a scroll of teleportation {unknown}
Potions
 c - a potion of might
 g - 4 potions of curing
 i - a potion of heal wounds
Comestibles
 d - 5 rations


   Skills:
 - Level 2.4 Fighting
 - Level 2.4 Dodging
 + Level 3.5 Shields
 + Level 3.7 Unarmed Combat


You had 3 spell levels left.
You didn't know any spells.
Your spell library was empty.

Dungeon Overview and Level Annotations

Branches:
Dungeon (3/15)

Altars:
Gozag
Zin

Annotations:
D:3 Grinder


Innate Abilities, Weirdness & Mutations

You are too large for most types of armour.
You have claws for hands.
Your metabolism is lightning-fast.
You like to eat raw meat.
Your natural rate of healing is unusually fast.
You are covered in fur. (AC +1)
You have extremely tough skin. (AC +3)


Message History

You block the adder's attack.
Damage: -2%(-1hp) hp: 37%(16hp)
You claw the adder!
You kill the adder!
You feel sick.
The gnoll hits you from afar with a +0 spear.
* * * LOW HITPOINT WARNING * * *
Huge Dmg: -12%(-5hp) hp: 25%(11hp)
You feel sick. The gnoll barely misses you. x2
You see here 6 gold pieces.
You barely miss the gnoll.
You feel sick. The gnoll hits you with a +0 spear.
* * * LOW HITPOINT WARNING * * *
Grinder blinks!
The gnoll hits you.
* * * LOW HITPOINT WARNING * * *
Huge Dmg: -13%(-6hp) hp: 12%(5hp)
You claw the gnoll!
The gnoll is severely wounded.
You feel sick. You block the gnoll's attack. The gnoll hits you.
You die...
Your body crumbles into a pile of gold.

##.###.##
##.......#
.......
#...####.##
.......
######.#.##
#..#
.5.....
..........#
##.##
.......
..........#
#..#
.......
..........#
##.#
.......
..........#
#$##$......
.>........#
#.@gg...>..
$
###########
###g###.##.
...[
.......
.....ยง...5
........###
#........#
#.........


You could see Grinder, 2 gnolls and a goblin.

Vanquished Creatures
  5 gnolls
  An adder (D:3)
  An ooze (D:1)
  3 dart slugs
  A leopard gecko (D:2)
  2 giant cockroaches
  5 goblins
  5 hobgoblins
  A jackal (D:1)
  6 bats
  3 frilled lizards
  4 kobolds
  5 rats
42 creatures vanquished.

Notes
Turn   | Place    | Note
-------+----------+-------------------------------------------
     0 | D:1      | Lexodia the Troll Fighter began the quest for the Orb.
     0 | D:1      | Reached XP level 1. HP: 22/22 MP: 0/0
   185 | D:1      | Reached XP level 2. HP: 28/29 MP: 1/1
   403 | D:1      | Huge Dmg: 8 dmg
   704 | D:2      | Reached XP level 3. HP: 36/36 MP: 2/2
   757 | D:2      | Found a glowing silver altar of Zin.
  1054 | D:2      | Found a faded altar of an unknown god.
  1059 | D:2      | Became a worshipper of Gozag Ym Sagoz the Greedy
  1079 | D:2      | Huge Dmg: 8 dmg
  1084 | D:2      | Huge Dmg: 8 dmg
  1090 | D:2      | Reached XP level 4. HP: 26/44 MP: 1/3
  1281 | D:3      | Noticed Grinder
  1300 | D:3      | Huge Dmg: 7 dmg
  1304 | D:3      | Huge Dmg: 5 dmg
  1306 | D:3      | Huge Dmg: 6 dmg
  1306 | D:3      | Slain by a gnoll

Levels and vault maps discovered:
D:1:      erik_arrival_cave_to_civilisation [erik_arrival_cave_to_hall],
          layout_basic, minmay_tripent
D:2:      layout_rooms, zin_treasury, chequers_ecumenical_altar_grove
D:3:      layout_rooms, first_ration, minmay_cupped, uniq_grinder

Skill      XL: |  1  2  3 |
---------------+----------+-----
Shields        | 3 |  3.5
Unarmed Combat | 3 |  3.7
Fighting       | |  2.4
Dodging        | |  2.4

Action                   |  1- 3 |  4- 6 || total
-------------------------+-------+-------++-------
Melee: Unarmed           |    95 |    25 ||   120
  Use: Potion            |       |     3 ||     3
 Stab: Sleeping          |     1 |       ||     1
  Eat: Chunk             |    15 |       ||    15
Armor: Robe              |    39 |     6 ||    45
Dodge: Dodged            |    31 |    10 ||    41
Block: Shield            |    46 |    15 ||    61

Table legend:
 A = Non-vault XP
 B = Vault XP
 C = Vault XP percentage of total XP
 D = Non-vault monster count
 E = Vault monster count
 F = Vault count percentage of total count
                 A         B        C        D         E       F
            +---------+---------+-------+---------+---------+-------
      Total |     146 |       7 |   4.6 |      38 |       4 |   9.5
            +---------+---------+-------+---------+---------+-------
        D:1 |      30 |       7 |  18.9 |      15 |       4 |  21.1
        D:2 |      74 |       0 |   0.0 |      19 |       0 |   0.0
        D:3 |      42 |       0 |   0.0 |       4 |       0 |   0.0
            +---------+---------+-------+---------+---------+-------
